Map: Kairos Junction LE

Players

Serral - Winner!

  • Race: Terran Terran
  • League: Master
  • Spawn Location: 11:00

Mixu

  • Race: Zerg Zerg
  • League: Master
  • Spawn Location: 5:00

VOD

Have the link to the VOD?

Description

Time

  • Played on: Dec. 4, 2018, 11:24 a.m.
  • Length: 11:38
Show
View Real Time Build Order
Export as new Build Order

Serral Terran - Winner!

Build Orders: Liberator Opening, Reaper Expand 

Get SALT Encoding   

  12  0:00  SCV  
  13  0:12  SCV  
  14  0:18  Supply Depot  
  14  0:25  SCV  
  15  0:39  SCV  
  15  0:40  Barracks  
  16  0:45  Refinery  
  16  0:51  SCV  
  17  1:04  SCV  
  18  1:16  SCV  
  19  1:27  Reaper  
  19  1:28  Orbital Command  
  20  1:39  Command Center  
  20  1:53  Supply Depot, SCV  
  21  1:59  Marine  
  22  2:02  Refinery  
  22  2:05  SCV  
  23  2:10  Factory  
  23  2:18  SCV  
  24  2:23  Barracks Reactor  
  24  2:30  SCV  
  25  2:42  SCV  
  26  2:52  Orbital Command  
  26  2:54  SCV  
  27  2:58  Starport  
  27  3:05  Hellion x2  
  31  3:08  Barracks Tech Lab  
  31  3:09  SCV  
  32  3:18  SCV  
  32  3:19  Liberator  
  33  3:25  SCV  
  33  3:27  Hellion x2  
  38  3:30  SCV  
  38  3:31  Supply Depot  
  39  3:38  SCV  
  43  3:42  SCV, Barracks Tech Lab  
  43  3:44  Supply Depot  
  43  3:48  Hellion  
  46  3:52  SCV  
  46  3:53  Hellion  
  46  3:54  SCV  
  50  4:02  Supply Depot  
  50  4:04  SCV  
  50  4:06  SCV  
  50  4:09  Hellion  
  54  4:12  Marine  
  54  4:14  Hellion  
  54  4:17  SCV  
  58  4:21  SCV  
  59  4:29  SCV  
  59  4:30  Command Center  
  60  4:34  Stimpack  
  60  4:37  Marine  
  61  4:41  Starport Reactor, SCV x2  
  63  4:46  Barracks  
  63  4:48  Barracks, Siege Tank  
  66  4:55  Marine  
  66  4:57  Engineering Bay, SCV x2  
  66  4:58  Engineering Bay  
  69  5:01  Supply Depot  
  69  5:08  Refinery x2  
  69  5:15  Marine  
  69  5:17  SCV  
  69  5:18  SCV  
  69  5:20  Siege Tank  
  68  5:30  SCV  
  68  5:31  Terran Infantry Armor Level 1, Terran Infantry Weapons Level 1  
  68  5:33  Supply Depot  
  68  5:35  Starport Reactor  
  68  5:39  Marine x2  
  68  5:44  Marine  
  68  5:45  Marine x2  
  68  5:47  SCV x2, Orbital Command  
  63  5:59  SCV x2  
  63  6:01  Barracks  
  63  6:03  Marine x5  
  63  6:04  Barracks  
  70  6:11  SCV x2  
  70  6:13  Siege Tank  
  75  6:19  Medivac x2, Orbital Command  
  75  6:21  Supply Depot  
  75  6:23  SCV x2  
  81  6:31  Armory  
  81  6:35  SCV  
  81  6:36  Marine x4  
  81  6:37  Marine  
  88  6:40  SCV  
  88  6:47  SCV  
  88  6:49  SCV  
  88  6:51  Supply Depot  
  88  6:52  SCV  
  91  6:54  Barracks Reactor x2  
  91  6:59  Medivac x2  
  91  7:00  SCV  
  96  7:01  Marine x3  
  96  7:02  Marine  
  96  7:03  Marine  
  96  7:07  Combat Shield  
  101  7:08  Supply Depot  
  101  7:10  SCV x2  
  101  7:13  Supply Depot  
  103  7:16  Siege Tank  
  103  7:19  Marine x3  
  109  7:25  SCV  
  109  7:27  Terran Infantry Weapons Level 2, Terran Infantry Armor Level 2  
  110  7:33  SCV x2  
  110  7:35  Refinery  
  110  7:37  SCV  
  113  7:38  Bunker  
  113  7:40  Marine x3  
  113  7:41  Marine x4  
  120  7:46  Marine x2  
  120  7:48  Siege Tank  
  120  7:51  Supply Depot  
  125  7:58  Marine x3  
  125  7:59  Marine x3  
  125  8:00  Medivac  
  132  8:08  SCV  
  132  8:12  Medivac, Marine, SCV  
  137  8:13  Command Center  
  137  8:22  Factory, Marine x2  
  137  8:23  Barracks  
  137  8:26  Marine  
  140  8:27  Marine  
  140  8:30  Marine  
  140  8:34  Siege Tank  
  140  8:39  Marine  
  141  8:45  Supply Depot, Marine x6  
  141  8:46  Supply Depot x2, Marine  
  148  8:50  Terran Vehicle Weapons Level 1  
  148  8:54  Marine  
  149  9:06  Marine x5, Siege Tank  
  149  9:07  Factory Tech Lab, Marine  
  149  9:09  Marine  
  159  9:12  Barracks Tech Lab  
  158  9:21  Marine, Marauder  
  158  9:22  Concussive Shells  
  158  9:24  Marine x2  
  161  9:26  Siege Tank  
  166  9:31  Marine x4  
  166  9:33  Marauder  
  166  9:35  Supply Depot  
  172  9:38  Siege Tank  
  172  9:42  Marauder  
  173  9:46  Marine x2  
  173  9:47  Marine x2  
  170  9:53  Medivac x2  
  170  9:54  Marauder  
  170  9:58  Marine  
  177  10:04  Marauder  
  167  10:09  Planetary Fortress  
  167  10:10  Siege Tank  
  167  10:12  SCV x3  
  173  10:15  Marauder  
  173  10:16  Ghost Academy  
  171  10:21  Refinery  
  171  10:23  Medivac x2  
  171  10:25  Marauder  
  171  10:26  Marine  
  151  10:30  Marine x7  
  152  10:36  Refinery  
  152  10:37  Marauder  
  151  10:44  Marine  
  151  10:47  Marine x2, Marauder  
  155  10:55  Marine x4  
  160  10:57  SCV x4  
  160  10:58  Marauder  
  165  11:08  Marauder  
  167  11:14  Marine  
  167  11:18  Command Center  
Show
View Real Time Build Order
Export as new Build Order

Mixu Zerg 

Build Orders: Hatch First 

Get SALT Encoding   

  12  0:00  Drone  
  13  0:12  Overlord  
  13  0:17  Drone  
  14  0:30  Drone x2  
  16  0:48  Hatchery  
  15  0:52  Drone  
  15  0:55  Drone  
  17  0:58  Drone  
  18  1:09  Extractor  
  17  1:14  Spawning Pool  
  17  1:17  Drone  
  17  1:21  Drone  
  18  1:28  Drone  
  19  1:40  Overlord  
  19  1:49  Drone  
  20  2:01  Queen x2  
  20  2:02  Zergling x4  
  26  2:11  Metabolic Boost  
  26  2:29  Hatchery  
  25  2:30  Drone x2  
  25  2:33  Drone  
  28  2:37  Drone  
  28  2:39  Drone  
  28  2:42  Drone  
  30  2:49  Queen  
  32  2:56  Overlord  
  33  2:58  Drone  
  33  3:01  Drone  
  33  3:04  Drone  
  35  3:08  Overlord  
  35  3:15  Drone x2  
  35  3:16  Drone x2  
  35  3:19  Drone  
  40  3:21  Drone  
  41  3:29  Queen  
  41  3:30  Drone  
  41  3:32  Drone  
  45  3:39  Overlord  
  45  3:43  Drone x5  
  45  3:45  Zergling x2  
  45  3:46  Zergling x2  
  52  3:50  Queen  
  52  3:55  Extractor  
  53  3:57  Baneling Nest, Zergling x2  
  53  3:59  Zergling x2  
  53  4:01  Zergling x2  
  53  4:02  Drone  
  56  4:05  Drone  
  57  4:10  Drone x2  
  57  4:13  Overlord  
  57  4:16  Drone  
  60  4:18  Drone  
  60  4:20  Drone x3  
  64  4:24  Zergling x4  
  64  4:27  Overlord  
  64  4:29  Lair  
  66  4:32  Overlord  
  66  4:44  Overlord  
  66  4:51  Drone x6  
  70  4:59  Drone x3  
  73  5:00  Spore Crawler, Drone x2  
  73  5:01  Drone  
  73  5:03  Drone  
  75  5:07  Drone x2  
  75  5:10  Drone x2  
  75  5:12  Zergling x2  
  75  5:14  Pneumatized Carapace  
  75  5:17  Zergling x2  
  75  5:18  Zergling x2  
  69  5:22  Zergling x2  
  69  5:26  Zergling x2  
  66  5:31  Zergling x4  
  66  5:32  Zergling x4  
  69  5:37  Zergling x4  
  69  5:38  Drone x3  
  69  5:42  Drone  
  70  5:50  Drone x5  
  70  5:53  Queen  
  70  5:55  Drone  
  78  5:58  Centrifical Hooks, Evolution Chamber  
  78  5:59  Drone  
  78  6:00  Evolution Chamber  
  78  6:01  Hatchery  
  76  6:04  Drone  
  76  6:05  Drone  
  76  6:10  Drone, Queen  
  81  6:16  Zergling x4  
  83  6:22  Drone  
  83  6:23  Drone  
  85  6:25  Zerg Melee Weapons Level 1, Zerg Ground Armor Level 1  
  85  6:27  Drone x3  
  85  6:28  Drone, Extractor  
  85  6:30  Spore Crawler  
  85  6:31  Extractor  
  85  6:32  Extractor  
  85  6:34  Drone  
  85  6:37  Zergling x4  
  85  6:39  Zergling x2  
  89  6:41  Overlord  
  89  6:43  Overlord  
  89  7:02  Zergling x18  
  89  7:06  Drone x2  
  89  7:08  Hydralisk Den, Hatchery  
  98  7:09  Zergling x2  
  98  7:15  Drone x3, Queen  
  102  7:19  Drone  
  102  7:22  Overlord, Baneling x5  
  105  7:23  Overlord x2, Baneling x2  
  105  7:33  Overlord x2  
  105  7:41  Drone x4  
  105  7:42  Drone x2  
  105  7:43  Drone x3, Zergling x2  
  115  7:46  Hydralisk x2, Muscular Augments  
  115  7:50  Hydralisk  
  115  7:51  Infestation Pit  
  120  7:52  Overlord  
  120  7:56  Zergling x8  
  122  8:03  Zergling x14  
  122  8:04  Hatchery  
  122  8:05  Baneling x4  
  126  8:11  Zergling x6  
  129  8:16  Zergling x2  
  129  8:17  Hydralisk  
  129  8:18  Hydralisk x2  
  134  8:23  Zergling x2  
  134  8:24  Zergling x6  
  134  8:25  Hydralisk x5  
  134  8:26  Hydralisk  
  149  8:33  Zergling x4  
  149  8:34  Zergling x10  
  151  8:40  Overlord  
  151  8:47  Zerg Melee Weapons Level 2, Zerg Ground Armor Level 2  
  151  8:49  Hive  
  151  8:53  Baneling x3  
  151  8:54  Baneling  
  151  8:56  Overlord  
  151  9:04  Zergling x14  
  151  9:05  Overlord  
  151  9:08  Overlord  
  158  9:15  Zergling x20  
  161  9:23  Hydralisk x4, Baneling x5  
  169  9:28  Zergling x10  
  169  9:29  Hatchery  
  169  9:30  Baneling  
  173  9:33  Zergling x8  
  173  9:35  Baneling  
  173  9:36  Baneling x3  
  173  9:38  Zergling x6  
  179  9:42  Zergling x6  
  176  9:47  Zergling x10  
  176  9:51  Zergling x6  
  178  9:53  Baneling x5  
  178  9:55  Zergling x4  
  178  9:59  Zergling x4  
  167  10:02  Zergling x2  
  167  10:06  Zergling x8  
  153  10:10  Zergling x6  
  156  10:14  Zergling x2  
  156  10:15  Baneling x3  
  156  10:16  Zergling x2  
  156  10:20  Zergling x12  
  163  10:25  Zergling x2  
  163  10:27  Zergling x2  
  124  10:29  Zergling x2  
  124  10:34  Zergling x2  
  124  10:35  Zergling x4  
  115  10:38  Zergling x6  
  115  10:40  Zergling x8  
  115  10:42  Zergling x4  
  115  10:46  Zergling x2  
  112  10:52  Baneling x8  
  114  10:57  Zergling x8  
  114  11:00  Hatchery  
  114  11:01  Zergling x2  
  116  11:05  Zergling x8  
  116  11:07  Baneling  
  116  11:09  Drone x8  
  128  11:15  Zergling x4  
  125  11:20  Zergling x10  
Tags
 
Add a new tag
Caveats
  • Supply blocks, unpowered buildings, or Contaminate may cause inaccurate times.
  • Supply counts are checked every 10 seconds.